Coyotes vs Flames
(R1)
Created - February 24, 2020 at 19:35
Goals
|
Coyotes |
1 |
1 |
1 |
3 |
Flames |
0 |
1 |
0 |
1 |
|
Shots
|
Coyotes |
13 |
14 |
5 |
32 |
Flames |
7 |
9 |
14 |
30 |
|
1st period
1. Coyotes , Brad Richards 11 (Matt Donovan 8) at 10:33
Penalties :
Tyler Ennis (Ari) for Roughing (Minor) at 4:23, Eric Staal (Cal) for Tripping (Minor) at 11:37, Steve Regier (Cal) for Interference (Minor) at 15:40, Martin Samuelsson (Ari) for Hooking (Minor) at 18:56
2nd period
2. Flames , Colin Wilson 15 (Brad Marchand 19, Steve Eminger 14) at 12:27 (SH)
3. Coyotes , Kristopher Letang 3 (Marian Gaborik 26, Nazem Kadri 35) at 12:37 (PP)
Penalties :
Jordin Tootoo (Cal) for Tripping (Minor) at 1:04, Tyler Ennis (Ari) for High sticking (Minor) at 7:10, Sami Vatanen (Cal) for Slashing (Minor) at 11:44
3rd period
4. Coyotes , Chris Stewart 12 (Zach Parise 20, Michael Del Zotto 15) at 16:44 (PP)
Penalties :
Steve Regier (Cal) for Interference (Minor) at 3:11, Brad Marchand (Cal) for Roughing (Minor) at 5:57, Steve Eminger (Cal) for High sticking (Minor) at 6:28, Martin Samuelsson (Ari) for Slashing (Minor) at 11:23, Alexander Semin (Cal) for Holding (Minor) at 15:15
Goalie Stats
Thomas McCollum (Ari), 29 saves from 30 shots - (0.967), W, 7-6-1, 60:00 minutes
Jonas Gustavsson (Cal), 29 saves from 32 shots - (0.906), L, 19-13-3, 60:00 minutes
Players Stats for Coyotes
Player Name G A P +/- PIM S H SB GA TA FO MP PP MP PK MP
------------------------------------------------------------------------------------
Andrew MacDonald 0 0 0 0 0 0 0 0 0 0 0/0 1:41 0:00 0:00
Anton Stralman 0 0 0 -1 0 2 1 2 3 0 0/0 28:16 7:51 4:39
Brad Richards 1 0 1 1 0 4 1 1 1 0 5/10 18:28 6:18 2:41
Chris Stewart 1 0 1 1 0 3 0 0 0 0 0/0 15:17 6:18 0:00
Evgeny Artyukhin 0 0 0 0 0 1 2 0 1 0 0/0 14:02 0:05 2:14
Jamie Arniel 0 0 0 0 0 0 1 0 0 0 7/16 16:10 0:08 4:42
Josh Gorges 0 0 0 0 0 0 0 0 0 1 0/0 20:52 4:57 3:17
Kristopher Letang 1 0 1 -1 0 2 4 2 0 0 0/0 29:49 7:51 4:39
Marian Gaborik 0 1 1 -1 0 6 3 1 0 1 2/2 23:42 6:25 0:00
Martin Samuelsson 0 0 0 0 4 0 0 0 0 0 0/0 13:46 0:05 2:14
Matt Donovan 0 1 1 1 0 1 0 0 0 0 0/0 9:19 0:00 0:00
Michael Del Zotto 0 1 1 0 0 2 1 0 0 1 0/0 20:52 4:57 3:17
Nazem Kadri 0 1 1 -1 0 3 2 0 0 2 15/34 18:59 6:25 0:00
Nick Bonino 0 0 0 0 0 1 0 0 0 0 1/5 6:25 0:00 0:00
Ramzi Abid 0 0 0 0 0 1 0 1 0 0 0/0 8:24 0:00 1:53
Thomas Hickey 0 0 0 1 0 0 0 3 0 0 0/0 9:11 0:00 0:00
Tyler Ennis 0 0 0 -1 4 3 1 1 2 1 0/0 18:58 6:22 0:00
Zach Parise 0 1 1 1 0 3 2 0 2 0 0/0 17:49 6:18 2:08
Players Stats for Flames
Player Name G A P +/- PIM S H SB GA TA FO MP PP MP PK MP
------------------------------------------------------------------------------------
Alexander Semin 0 0 0 0 2 1 1 0 0 1 2/4 14:41 3:59 1:21
Brad Marchand 0 1 1 1 2 1 1 1 1 2 1/2 23:03 3:53 5:30
Brendan Mikkelson 0 0 0 0 0 0 1 0 0 0 0/0 10:02 0:00 1:10
Colin Wilson 1 0 1 0 0 3 0 3 0 0 8/17 16:57 0:04 5:36
David Backes 0 0 0 0 0 3 0 0 0 0 1/2 16:59 3:59 0:00
David Ullstrom 0 0 0 0 0 0 1 1 0 0 0/0 5:44 0:04 0:00
Derek Meech 0 0 0 0 0 0 1 1 1 1 0/0 24:33 3:33 8:03
Eric Staal 0 0 0 0 2 5 1 1 1 0 17/27 18:21 3:59 1:15
Erik Johnson 0 0 0 0 0 3 2 1 3 2 0/0 26:48 4:23 4:58
Jordin Tootoo 0 0 0 -1 2 2 1 0 0 0 0/0 15:00 0:00 4:26
Kyle Palmieri 0 0 0 0 0 0 0 0 0 0 0/0 5:44 0:04 0:00
Mikhail Grabovski 0 0 0 0 0 0 2 0 0 0 1/1 5:58 0:00 0:35
Patrik Berglund 0 0 0 0 0 2 3 0 0 1 5/10 18:51 3:53 5:22
Peter Prucha 0 0 0 0 0 2 0 0 0 1 1/2 13:24 3:53 0:00
Sami Vatanen 0 0 0 0 2 4 0 0 0 0 0/0 21:27 4:23 0:00
Steve Eminger 0 1 1 0 2 1 0 0 0 0 0/0 19:19 0:00 6:39
Steve Regier 0 0 0 -1 4 1 1 0 0 0 1/2 10:51 0:00 0:03
Tim Ramholt 0 0 0 0 0 2 1 1 0 1 0/0 17:54 3:33 4:45
3 Stars
1 - Thomas McCollum (Ari)
2 - Brad Richards (Ari)
3 - Kristopher Letang (Ari)
Power Play
Coyotes - 2 on 8 Attempt(s) - 25.00%
Flames - 0 on 4 Attempt(s) - 0.00%
Penalty Kill
Coyotes - 4 on 4 Attempt(s) - 100.00%
- Score 0 goal in Penalty Kill
Flames - 6 on 8 Attempt(s) - 75.00%
- Score 1 goal in Penalty Kill
Team Stat
Coyotes - Hits : 18 - Faceoff Wins : 30 - Blocked Shots : 11 - Penalty Minutes : 8
Flames - Hits : 16 - Faceoff Wins : 37 - Blocked Shots : 9 - Penalty Minutes : 16
Official
Referees : Unknown
Linesman : Unknown
Game Notes
No Game Note
Finance
Level 1 -- Attendance: 5188 (86.47%) -- Ticket Income $575,868
Level 2 -- Attendance: 3868 (77.36%) -- Ticket Income $278,496
Level 3 -- Attendance: 1607 (80.35%) -- Ticket Income $75,529
Level 4 -- Attendance: 2803 (70.08%) -- Ticket Income $89,696
Luxury Box -- Attendance: 797 (79.70%) -- Ticket Income $149,039
Game was played at the Metal Center.
Total Attendance: 14263 (79.24%)
Total Ticket Income: $1,168,628
Other Income: $175,294
Total Income: $1,343,922
Coyotes
5 vs 5 Forward
Center Left Wing Right Wing Time % Phy DF OF
1 Nazem Kadri Tyler Ennis Marian Gaborik 40 1 2 2
2 Brad Richards Zach Parise Chris Stewart 30 1 2 2
3 Jamie Arniel Martin Samuelsson Evgeny Artyukhin 20 1 2 2
4 Nick Bonino Ramzi Abid Marian Gaborik 10 1 2 2
5 vs 5 Defense
Defense Defense Time % Phy DF OF
1 Kristopher Letang Anton Stralman 40 1 2 2
2 Josh Gorges Michael Del Zotto 30 1 2 2
3 Matt Donovan Thomas Hickey 20 1 2 2
4 Andrew MacDonald Kristopher Letang 10 1 2 2
PowerPlay Forward
Center Left Wing Right Wing Time % Phy DF OF
1 Nazem Kadri Tyler Ennis Marian Gaborik 60 1 2 2
2 Brad Richards Zach Parise Chris Stewart 40 1 2 2
PowerPlay Defense
Defense Defense Time % Phy DF OF
1 Kristopher Letang Anton Stralman 60 1 2 2
2 Josh Gorges Michael Del Zotto 40 1 2 2
Penalty Kill 4 Players Forward
Center Wing Time % Phy DF OF
1 Jamie Arniel Martin Samuelsson 60 1 2 2
2 Brad Richards Zach Parise 40 1 2 2
Penalty Kill 4 Players Defense
Defense Defense Time % Phy DF OF
1 Kristopher Letang Anton Stralman 60 1 2 2
2 Josh Gorges Michael Del Zotto 40 1 2 2
Penalty Kill - 3 Players Forward
Forward Time % Phy DF OF
1 Tyler Ennis 60 1 2 2
2 Marian Gaborik 40 1 2 2
Penalty Kill - 3 Players Defense
Defense Defense Time % Phy DF OF
1 Kristopher Letang Anton Stralman 60 1 2 2
2 Josh Gorges Michael Del Zotto 40 1 2 2
4 vs 4 Forward
Center Wing Time % Phy DF OF
1 Tyler Ennis Marian Gaborik 60 1 2 2
2 Zach Parise Nazem Kadri 40 1 2 2
4 vs 4 Defense
Defense Defense Time % Phy DF OF
1 Kristopher Letang Anton Stralman 60 1 2 2
2 Josh Gorges Michael Del Zotto 40 1 2 2
Last Minutes Offensive
Center Left Wing Right Wing Defense Defense
Nazem Kadri Tyler Ennis Marian Gaborik Kristopher Letang Anton Stralman
Last Minutes Defensive
Center Left Wing Right Wing Defense Defense
Nazem Kadri Tyler Ennis Marian Gaborik Kristopher Letang Anton Stralman
Goaltenders
Starting : Thomas McCollum
Backup : Maxime Daigneault
Extra Forwards
Normal : Jamie Arniel, Martin Samuelsson, Evgeny Artyukhin - PP : Jamie Arniel, Martin Samuelsson - PK : Evgeny Artyukhin
Extra Defensemen
Normal : Matt Donovan, Thomas Hickey, Andrew MacDonald - PP : Matt Donovan - PK : Thomas Hickey, Andrew MacDonald
Penalty Shots
Tyler Ennis, Marian Gaborik, Zach Parise, Nazem Kadri, Brad Richards
Scratches
Mike Weber (Healthy)
Flames
5 vs 5 Forward
Center Left Wing Right Wing Time % Phy DF OF
1 Eric Staal Brad Marchand David Backes 40 1 2 2
2 Patrik Berglund Alexander Semin Peter Prucha 33 2 2 1
3 Colin Wilson Steve Regier Jordin Tootoo 19 2 2 1
4 Mikhail Grabovski David Ullstrom Kyle Palmieri 8 2 2 1
5 vs 5 Defense
Defense Defense Time % Phy DF OF
1 Erik Johnson Sami Vatanen 38 1 2 2
2 Steve Eminger Derek Meech 29 2 2 1
3 Brendan Mikkelson Tim Ramholt 23 2 2 1
4 Steve Eminger Derek Meech 10 2 2 1
PowerPlay Forward
Center Left Wing Right Wing Time % Phy DF OF
1 Eric Staal Alexander Semin David Backes 60 1 0 4
2 Patrik Berglund Brad Marchand Peter Prucha 40 1 0 4
PowerPlay Defense
Defense Defense Time % Phy DF OF
1 Erik Johnson Sami Vatanen 60 1 1 3
2 Derek Meech Tim Ramholt 40 1 1 3
Penalty Kill 4 Players Forward
Center Wing Time % Phy DF OF
1 Colin Wilson Brad Marchand 50 1 4 0
2 Patrik Berglund Jordin Tootoo 50 1 4 0
Penalty Kill 4 Players Defense
Defense Defense Time % Phy DF OF
1 Steve Eminger Derek Meech 58 1 4 0
2 Erik Johnson Tim Ramholt 42 1 4 0
Penalty Kill - 3 Players Forward
Forward Time % Phy DF OF
1 Eric Staal 50 1 4 0
2 Brad Marchand 50 1 4 0
Penalty Kill - 3 Players Defense
Defense Defense Time % Phy DF OF
1 Steve Eminger Derek Meech 58 1 4 0
2 Erik Johnson Tim Ramholt 42 1 4 0
4 vs 4 Forward
Center Wing Time % Phy DF OF
1 Eric Staal Alexander Semin 60 2 2 1
2 Colin Wilson Brad Marchand 40 2 2 1
4 vs 4 Defense
Defense Defense Time % Phy DF OF
1 Erik Johnson Sami Vatanen 60 2 2 1
2 Steve Eminger Derek Meech 40 2 2 1
Last Minutes Offensive
Center Left Wing Right Wing Defense Defense
Eric Staal Alexander Semin David Backes Erik Johnson Tim Ramholt
Last Minutes Defensive
Center Left Wing Right Wing Defense Defense
Eric Staal Alexander Semin David Backes Erik Johnson Derek Meech
Goaltenders
Starting : Jonas Gustavsson
Backup : Pekka Rinne
Extra Forwards
Normal : Brad Marchand, Jordin Tootoo, David Ullstrom - PP : David Ullstrom, Colin Wilson - PK : Brad Marchand
Extra Defensemen
Normal : Derek Meech, Steve Eminger, Tim Ramholt - PP : Derek Meech - PK : Erik Johnson, Tim Ramholt
Penalty Shots
Eric Staal, Alexander Semin, David Backes, Brad Marchand, Patrik Berglund
Scratches
None
% Time on Ice - Coyotes
Lines # - Real PCT - Wanted PCT - Time Play
Normal Forward
1 - 35% - 40% - 13:37
2 - 23% - 30% - 9:05
3 - 26% - 20% - 10:09
4 - 16% - 10% - 6:25
Normal Defense
1 - 40% - 40% - 15:46
2 - 32% - 30% - 12:38
3 - 23% - 20% - 9:11
4 - 4% - 10% - 1:41
PP Forward
1 - 51% - 60% - 6:30
2 - 49% - 40% - 6:18
PP Defense
1 - 61% - 60% - 7:51
2 - 39% - 40% - 4:57
PK Forward
1 - 79% - 60% - 6:17
2 - 21% - 40% - 1:39
PK Defense
1 - 59% - 60% - 4:39
2 - 41% - 40% - 3:17
PK3 Forward
1 - 0% - 60%
2 - 0% - 40%
PK3 Defense
1 - 0% - 60%
2 - 0% - 40%
44 Forward
1 - 0% - 60%
2 - 0% - 40%
44 Defense
1 - 0% - 60%
2 - 0% - 40%
Last Minute Offensive - 0:00
Last Minute Defensive - 0:00
Total
Forward - 60:00
Defense - 60:00
|
% Time on Ice - Flames
Lines # - Real PCT - Wanted PCT - Time Play
Normal Forward
1 - 35% - 40% - 13:49
2 - 24% - 33% - 9:36
3 - 27% - 19% - 10:28
4 - 14% - 8% - 5:23
Normal Defense
1 - 44% - 38% - 17:06
2 - 31% - 29% - 11:59
3 - 23% - 23% - 8:52
4 - 3% - 10% - 1:19
PP Forward
1 - 51% - 60% - 4:03
2 - 49% - 40% - 3:53
PP Defense
1 - 55% - 60% - 4:23
2 - 45% - 40% - 3:33
PK Forward
1 - 50% - 50% - 5:43
2 - 50% - 50% - 5:37
PK Defense
1 - 63% - 58% - 7:10
2 - 37% - 42% - 4:10
PK3 Forward
1 - 20% - 50% - 0:18
2 - 80% - 50% - 1:10
PK3 Defense
1 - 100% - 58% - 1:28
2 - 0% - 42% - 0:00
44 Forward
1 - 0% - 60%
2 - 0% - 40%
44 Defense
1 - 0% - 60%
2 - 0% - 40%
Last Minute Offensive - 0:00
Last Minute Defensive - 0:00
Total
Forward - 60:00
Defense - 60:00
|
Play-by-Play
1st period
0:01 of 1st period - Nazem Kadri wins face-off versus David Backes in neutral zone.
0:36 of 1st period - Alexander Semin is hit by Zach Parise and loses puck.
0:58 of 1st period - Wrist shot by Jamie Arniel.
0:58 of 1st period - Shot Misses the Net.
1:52 of 1st period - Slapshot by Matt Donovan.
1:52 of 1st period - Stopped by Jonas Gustavsson without a rebound.
1:53 of 1st period - Peter Prucha wins face-off versus Jamie Arniel in Flames zone.
2:00 of 1st period - Slapshot by Anton Stralman.
2:00 of 1st period - Stopped by Jonas Gustavsson with a rebound.
2:22 of 1st period - Snap shot by Jordin Tootoo.
2:22 of 1st period - Stopped by Thomas McCollum with a rebound.
2:24 of 1st period - Snap shot by Colin Wilson.
2:24 of 1st period - Deflect By Jordin Tootoo.
2:24 of 1st period - Shot Misses the Net.
2:24 of 1st period - Puck is out of play.
2:25 of 1st period - Nazem Kadri wins face-off versus Colin Wilson in Coyotes zone.
2:56 of 1st period - Wrist shot by Zach Parise.
2:56 of 1st period - Shot Misses the Net.
3:40 of 1st period - Wrist shot by Patrik Berglund.
3:40 of 1st period - Shot Misses the Net.
3:54 of 1st period - Snap shot by Eric Staal.
3:54 of 1st period - Shot Blocked by Thomas Hickey.
3:56 of 1st period - Snap shot by Eric Staal.
3:56 of 1st period - Stopped by Thomas McCollum without a rebound.
3:57 of 1st period - Nazem Kadri wins face-off versus Eric Staal in Coyotes zone.
4:23 of 1st period - Minor Penalty to Tyler Ennis for Roughing.
4:24 of 1st period - Eric Staal wins face-off versus Jamie Arniel in Coyotes zone.
5:03 of 1st period - Snap shot by Brad Marchand.
5:03 of 1st period - Shot Blocked by Brad Richards.
5:05 of 1st period - Slapshot by Patrik Berglund.
5:05 of 1st period - Stopped by Thomas McCollum with a rebound.
5:07 of 1st period - Backhand shot by Tim Ramholt.
5:07 of 1st period - Stopped by Thomas McCollum with a rebound.
6:23 of 1st period - Penalty to Tyler Ennis is over, Tyler Ennis is back on ice.
7:41 of 1st period - Mikhail Grabovski is hit by Marian Gaborik and loses puck.
8:08 of 1st period - Wrist shot by Michael Del Zotto.
8:08 of 1st period - Deflect By Peter Prucha.
8:08 of 1st period - Stopped by Jonas Gustavsson with a rebound.
8:42 of 1st period - Ramzi Abid is hit by Brad Marchand and loses puck.
9:42 of 1st period - Josh Gorges is hit by Brendan Mikkelson.
9:54 of 1st period - Peter Prucha is hit by Brad Richards and loses puck.
10:17 of 1st period - Slapshot by Tyler Ennis.
10:17 of 1st period - Stopped by Jonas Gustavsson with a rebound.
10:19 of 1st period - Wrist shot by Evgeny Artyukhin.
10:19 of 1st period - Stopped by Jonas Gustavsson with a rebound.
10:21 of 1st period - Slapshot by Kristopher Letang.
10:21 of 1st period - Shot Blocked by Derek Meech.
10:23 of 1st period - Snap shot by Tyler Ennis.
10:23 of 1st period - Shot Misses the Net.
10:33 of 1st period - Snap shot by Brad Richards.
10:33 of 1st period - Goal by Brad Richards - Coyotes : 1 - Flames : 0.
10:34 of 1st period - Eric Staal wins face-off versus Nazem Kadri in neutral zone.
11:13 of 1st period - Wrist shot by Alexander Semin.
11:13 of 1st period - Stopped by Thomas McCollum without a rebound.
11:14 of 1st period - Nazem Kadri wins face-off versus Brad Marchand in Coyotes zone.
11:14 of 1st period - Nazem Kadri is hit by Derek Meech.
11:37 of 1st period - Minor Penalty to Eric Staal for Tripping.
11:38 of 1st period - Colin Wilson wins face-off versus Nazem Kadri in Flames zone.
11:47 of 1st period - Patrik Berglund is hit by Nazem Kadri and loses puck.
12:43 of 1st period - Snap shot by Zach Parise.
12:43 of 1st period - Stopped by Jonas Gustavsson with a rebound.
12:53 of 1st period - Derek Meech is hit by Kristopher Letang and loses puck.
13:22 of 1st period - Snap shot by Zach Parise.
13:22 of 1st period - Stopped by Jonas Gustavsson with a rebound.
13:24 of 1st period - Slapshot by Anton Stralman.
13:24 of 1st period - Stopped by Jonas Gustavsson with a rebound.
13:26 of 1st period - Wrist shot by Zach Parise.
13:26 of 1st period - Shot Misses the Net.
13:28 of 1st period - Wrist shot by Zach Parise.
13:28 of 1st period - Deflect By Chris Stewart.
13:28 of 1st period - Shot Hit the Post.
13:28 of 1st period - Puck is out of play.
13:29 of 1st period - Colin Wilson wins face-off versus Nazem Kadri in Flames zone.
13:37 of 1st period - Penalty to Eric Staal is over, Eric Staal is back on ice.
13:40 of 1st period - Wrist shot by Tyler Ennis.
13:40 of 1st period - Shot Misses the Net.
13:42 of 1st period - Slapshot by Josh Gorges.
13:42 of 1st period - Shot Blocked by Tim Ramholt.
13:44 of 1st period - Snap shot by Marian Gaborik.
13:44 of 1st period - Stopped by Jonas Gustavsson without a rebound.
13:45 of 1st period - Eric Staal wins face-off versus Nazem Kadri in Flames zone.
13:45 of 1st period - Eric Staal is hit by Tyler Ennis.
13:53 of 1st period - Slapshot by Sami Vatanen.
13:53 of 1st period - Shot Misses the Net.
14:09 of 1st period - Patrik Berglund is hit by Jamie Arniel and loses puck.
14:32 of 1st period - Slapshot by Marian Gaborik.
14:32 of 1st period - Stopped by Jonas Gustavsson with a rebound.
14:39 of 1st period - Icing by Steve Eminger.
14:40 of 1st period - Mikhail Grabovski wins face-off versus Jamie Arniel in Flames zone.
15:05 of 1st period - Off-side.
15:06 of 1st period - Eric Staal wins face-off versus Nazem Kadri in neutral zone.
15:09 of 1st period - Slapshot by Sami Vatanen.
15:09 of 1st period - Shot Blocked by Kristopher Letang.
15:11 of 1st period - Slapshot by Erik Johnson.
15:11 of 1st period - Stopped by Thomas McCollum with a rebound.
15:13 of 1st period - Snap shot by Eric Staal.
15:13 of 1st period - Shot Misses the Net.
15:38 of 1st period - Slapshot by Michael Del Zotto.
15:38 of 1st period - Stopped by Jonas Gustavsson with a rebound.
15:40 of 1st period - Minor Penalty to Steve Regier for Interference.
15:41 of 1st period - Brad Richards wins face-off versus Colin Wilson in Flames zone.
15:44 of 1st period - Snap shot by Chris Stewart.
15:44 of 1st period - Deflect By Derek Meech.
15:44 of 1st period - Stopped by Jonas Gustavsson without a rebound.
15:45 of 1st period - Colin Wilson wins face-off versus Brad Richards in Flames zone.
16:14 of 1st period - Colin Wilson is hit by Marian Gaborik and loses puck.
16:47 of 1st period - Marian Gaborik is hit by Erik Johnson and loses puck.
16:54 of 1st period - Marian Gaborik is hit by Patrik Berglund.
17:05 of 1st period - Icing by Josh Gorges.
17:06 of 1st period - Colin Wilson wins face-off versus Brad Richards in Coyotes zone.
17:40 of 1st period - Penalty to Steve Regier is over, Steve Regier is back on ice.
17:45 of 1st period - Colin Wilson is hit by Kristopher Letang and loses puck.
17:52 of 1st period - Wrist shot by Jamie Arniel.
17:52 of 1st period - Shot Blocked by Colin Wilson.
17:54 of 1st period - Slapshot by Jamie Arniel.
17:54 of 1st period - Shot Misses the Net.
18:08 of 1st period - Thomas Hickey is hit by Mikhail Grabovski and loses puck.
18:35 of 1st period - Snap shot by Peter Prucha.
18:35 of 1st period - Stopped by Thomas McCollum with a rebound.
18:56 of 1st period - Minor Penalty to Martin Samuelsson for Hooking.
18:57 of 1st period - Eric Staal wins face-off versus Jamie Arniel in Coyotes zone.
18:57 of 1st period - Snap shot by Alexander Semin.
18:57 of 1st period - Shot Blocked by Kristopher Letang.
19:23 of 1st period - Derek Meech is hit by Kristopher Letang.
Goals for this period are 1 for Coyotes vs 0 for Flames.
Shots for this period are 13 for Coyotes vs 7 for Flames.
2nd period
0:01 of 2nd period - Eric Staal wins face-off versus Jamie Arniel in neutral zone.
0:35 of 2nd period - Off-side.
0:36 of 2nd period - Patrik Berglund wins face-off versus Jamie Arniel in neutral zone.
0:39 of 2nd period - Evgeny Artyukhin is hit by Patrik Berglund and loses puck.
0:56 of 2nd period - Penalty to Martin Samuelsson is over, Martin Samuelsson is back on ice.
1:02 of 2nd period - Marian Gaborik is hit by Jordin Tootoo and loses puck.
1:04 of 2nd period - Minor Penalty to Jordin Tootoo for Tripping.
1:05 of 2nd period - Nazem Kadri wins face-off versus Colin Wilson in Flames zone.
1:08 of 2nd period - Slapshot by Nazem Kadri.
1:08 of 2nd period - Shot Blocked by Brad Marchand.
1:18 of 2nd period - Snap shot by Tyler Ennis.
1:18 of 2nd period - Shot Misses the Net.
1:43 of 2nd period - Wrist shot by Chris Stewart.
1:43 of 2nd period - Shot Misses the Net.
3:04 of 2nd period - Penalty to Jordin Tootoo is over, Jordin Tootoo is back on ice.
4:11 of 2nd period - Jordin Tootoo is hit by Anton Stralman and loses puck.
5:16 of 2nd period - Marian Gaborik is hit by Mikhail Grabovski and loses puck.
6:02 of 2nd period - Off-side.
6:03 of 2nd period - Patrik Berglund wins face-off versus Nazem Kadri in neutral zone.
6:10 of 2nd period - Slapshot by Tim Ramholt.
6:10 of 2nd period - Deflect By Tyler Ennis.
6:10 of 2nd period - Stopped by Thomas McCollum with a rebound.
6:54 of 2nd period - Steve Regier is hit by Evgeny Artyukhin and loses puck.
7:10 of 2nd period - Minor Penalty to Tyler Ennis for High sticking.
7:11 of 2nd period - Eric Staal wins face-off versus Jamie Arniel in Coyotes zone.
7:38 of 2nd period - Brad Marchand is hit by Zach Parise.
8:13 of 2nd period - Icing by Erik Johnson.
8:14 of 2nd period - Jamie Arniel wins face-off versus Patrik Berglund in Flames zone.
8:25 of 2nd period - Slapshot by Erik Johnson.
8:25 of 2nd period - Shot Blocked by Anton Stralman.
9:10 of 2nd period - Penalty to Tyler Ennis is over, Tyler Ennis is back on ice.
9:40 of 2nd period - Wrist shot by Nick Bonino.
9:40 of 2nd period - Shot Blocked by David Ullstrom.
9:54 of 2nd period - Snap shot by Zach Parise.
9:54 of 2nd period - Shot Misses the Net.
10:09 of 2nd period - Off-side.
10:10 of 2nd period - Jamie Arniel wins face-off versus Eric Staal in neutral zone.
10:31 of 2nd period - Slapshot by Patrik Berglund.
10:31 of 2nd period - Deflect By Alexander Semin.
10:31 of 2nd period - Shot Misses the Net.
10:31 of 2nd period - Puck is out of play.
10:32 of 2nd period - Nazem Kadri wins face-off versus Patrik Berglund in Coyotes zone.
10:36 of 2nd period - Off-side.
10:37 of 2nd period - Eric Staal wins face-off versus Nazem Kadri in neutral zone.
10:40 of 2nd period - Snap shot by David Backes.
10:40 of 2nd period - Stopped by Thomas McCollum with a rebound.
10:48 of 2nd period - David Backes is hit by Nazem Kadri and loses puck.
11:16 of 2nd period - Snap shot by Alexander Semin.
11:16 of 2nd period - Shot Blocked by Anton Stralman.
11:44 of 2nd period - Minor Penalty to Sami Vatanen for Slashing.
11:45 of 2nd period - Colin Wilson wins face-off versus Nazem Kadri in Flames zone.
11:53 of 2nd period - Off-side.
11:54 of 2nd period - Nazem Kadri wins face-off versus Patrik Berglund in neutral zone.
11:59 of 2nd period - Snap shot by Tyler Ennis.
11:59 of 2nd period - Stopped by Jonas Gustavsson with a rebound.
12:01 of 2nd period - Snap shot by Nazem Kadri.
12:01 of 2nd period - Stopped by Jonas Gustavsson without a rebound.
12:02 of 2nd period - Nazem Kadri wins face-off versus Colin Wilson in Flames zone.
12:05 of 2nd period - Wrist shot by Marian Gaborik.
12:05 of 2nd period - Stopped by Jonas Gustavsson with a rebound.
12:09 of 2nd period - Snap shot by Nazem Kadri.
12:09 of 2nd period - Shot Misses the Net.
12:11 of 2nd period - Slapshot by Kristopher Letang.
12:11 of 2nd period - Shot Misses the Net.
12:13 of 2nd period - Snap shot by Anton Stralman.
12:13 of 2nd period - Shot Misses the Net.
12:15 of 2nd period - Snap shot by Nazem Kadri.
12:15 of 2nd period - Stopped by Jonas Gustavsson with a rebound.
12:17 of 2nd period - Slapshot by Kristopher Letang.
12:17 of 2nd period - Deflect By Marian Gaborik.
12:17 of 2nd period - Stopped by Jonas Gustavsson without a rebound.
12:18 of 2nd period - Colin Wilson wins face-off versus Nazem Kadri in Flames zone.
12:27 of 2nd period - Snap shot by Colin Wilson.
12:27 of 2nd period - Goal by Colin Wilson - Coyotes : 1 - Flames : 1.
12:28 of 2nd period - Nazem Kadri wins face-off versus Colin Wilson in neutral zone.
12:31 of 2nd period - Slapshot by Anton Stralman.
12:31 of 2nd period - Shot Blocked by Colin Wilson.
12:35 of 2nd period - Snap shot by Marian Gaborik.
12:35 of 2nd period - Stopped by Jonas Gustavsson with a rebound.
12:37 of 2nd period - Slapshot by Kristopher Letang.
12:37 of 2nd period - Goal by Kristopher Letang - Coyotes : 2 - Flames : 1.
12:38 of 2nd period - Nazem Kadri wins face-off versus Eric Staal in neutral zone.
12:40 of 2nd period - Off-side.
12:41 of 2nd period - Eric Staal wins face-off versus Nazem Kadri in neutral zone.
12:56 of 2nd period - Wrist shot by Marian Gaborik.
12:56 of 2nd period - Stopped by Jonas Gustavsson with a rebound.
12:58 of 2nd period - Slapshot by Kristopher Letang.
12:58 of 2nd period - Stopped by Jonas Gustavsson with a rebound.
14:52 of 2nd period - Snap shot by Colin Wilson.
14:52 of 2nd period - Shot Blocked by Thomas Hickey.
15:35 of 2nd period - Icing by Erik Johnson.
15:36 of 2nd period - Patrik Berglund wins face-off versus Brad Richards in Flames zone.
15:43 of 2nd period - Slapshot by Sami Vatanen.
15:43 of 2nd period - Stopped by Thomas McCollum with a rebound.
15:45 of 2nd period - Slapshot by Erik Johnson.
15:45 of 2nd period - Deflect By Alexander Semin.
15:45 of 2nd period - Shot Misses the Net.
15:45 of 2nd period - Puck is out of play.
15:46 of 2nd period - Brad Marchand wins face-off versus Brad Richards in Coyotes zone.
15:59 of 2nd period - Slapshot by Brad Richards.
15:59 of 2nd period - Stopped by Jonas Gustavsson with a rebound.
16:27 of 2nd period - Wrist shot by Eric Staal.
16:27 of 2nd period - Stopped by Thomas McCollum without a rebound.
16:28 of 2nd period - Alexander Semin wins face-off versus Nazem Kadri in Coyotes zone.
16:29 of 2nd period - Slapshot by Erik Johnson.
16:29 of 2nd period - Stopped by Thomas McCollum with a rebound.
16:31 of 2nd period - Slapshot by Sami Vatanen.
16:31 of 2nd period - Stopped by Thomas McCollum with a rebound.
17:03 of 2nd period - Slapshot by Colin Wilson.
17:03 of 2nd period - Stopped by Thomas McCollum without a rebound.
17:04 of 2nd period - Eric Staal wins face-off versus Nazem Kadri in Coyotes zone.
17:38 of 2nd period - Snap shot by Brad Richards.
17:38 of 2nd period - Stopped by Jonas Gustavsson without a rebound.
17:39 of 2nd period - Nazem Kadri wins face-off versus Eric Staal in Flames zone.
17:50 of 2nd period - Wrist shot by Nazem Kadri.
17:50 of 2nd period - Shot Blocked by Eric Staal.
17:52 of 2nd period - Snap shot by Tyler Ennis.
17:52 of 2nd period - Shot Misses the Net.
17:54 of 2nd period - Slapshot by Thomas Hickey.
17:54 of 2nd period - Shot Blocked by Erik Johnson.
17:56 of 2nd period - Wrist shot by Marian Gaborik.
17:56 of 2nd period - Deflect By Nazem Kadri.
17:56 of 2nd period - Stopped by Jonas Gustavsson without a rebound.
17:57 of 2nd period - Brad Richards wins face-off versus Peter Prucha in Flames zone.
18:14 of 2nd period - Wrist shot by Patrik Berglund.
18:14 of 2nd period - Shot Misses the Net.
18:30 of 2nd period - Snap shot by Eric Staal.
18:30 of 2nd period - Shot Misses the Net.
18:48 of 2nd period - Jamie Arniel is hit by Steve Regier and loses puck.
18:53 of 2nd period - Snap shot by Jordin Tootoo.
18:53 of 2nd period - Shot Misses the Net.
18:55 of 2nd period - Wrist shot by Colin Wilson.
18:55 of 2nd period - Stopped by Thomas McCollum without a rebound.
18:56 of 2nd period - Brad Richards wins face-off versus Alexander Semin in Coyotes zone.
19:01 of 2nd period - Slapshot by Chris Stewart.
19:01 of 2nd period - Stopped by Jonas Gustavsson without a rebound.
19:02 of 2nd period - Alexander Semin wins face-off versus Brad Richards in Flames zone.
19:35 of 2nd period - Snap shot by Tyler Ennis.
19:35 of 2nd period - Stopped by Jonas Gustavsson without a rebound.
19:36 of 2nd period - Eric Staal wins face-off versus Nazem Kadri in Flames zone.
Goals for this period are 1 for Coyotes vs 1 for Flames.
Shots for this period are 14 for Coyotes vs 9 for Flames.
3rd period
0:01 of 3rd period - Eric Staal wins face-off versus Nazem Kadri in neutral zone.
1:34 of 3rd period - Snap shot by Eric Staal.
1:34 of 3rd period - Deflect By David Backes.
1:34 of 3rd period - Stopped by Thomas McCollum without a rebound.
1:35 of 3rd period - Patrik Berglund wins face-off versus Nazem Kadri in Coyotes zone.
1:48 of 3rd period - Snap shot by Patrik Berglund.
1:48 of 3rd period - Stopped by Thomas McCollum without a rebound.
1:49 of 3rd period - Eric Staal wins face-off versus Nazem Kadri in Coyotes zone.
1:56 of 3rd period - Snap shot by Brad Marchand.
1:56 of 3rd period - Deflect By David Backes.
1:56 of 3rd period - Shot Misses the Net.
1:56 of 3rd period - Puck is out of play.
1:57 of 3rd period - Nazem Kadri wins face-off versus Eric Staal in Coyotes zone.
1:57 of 3rd period - Nazem Kadri is hit by Erik Johnson.
2:03 of 3rd period - Slapshot by David Backes.
2:03 of 3rd period - Shot Misses the Net.
2:05 of 3rd period - Snap shot by David Backes.
2:05 of 3rd period - Shot Blocked by Marian Gaborik.
2:21 of 3rd period - Wrist shot by Eric Staal.
2:21 of 3rd period - Shot Misses the Net.
2:31 of 3rd period - Wrist shot by Eric Staal.
2:31 of 3rd period - Stopped by Thomas McCollum with a rebound.
2:33 of 3rd period - Backhand shot by David Backes.
2:33 of 3rd period - Stopped by Thomas McCollum without a rebound.
2:34 of 3rd period - Brad Richards wins face-off versus Alexander Semin in Coyotes zone.
2:52 of 3rd period - Alexander Semin is hit by Kristopher Letang.
3:11 of 3rd period - Minor Penalty to Steve Regier for Interference.
3:12 of 3rd period - Marian Gaborik wins face-off versus Colin Wilson in Flames zone.
5:11 of 3rd period - Penalty to Steve Regier is over, Steve Regier is back on ice.
5:40 of 3rd period - Nick Bonino is hit by Tim Ramholt and loses puck.
5:57 of 3rd period - Minor Penalty to Brad Marchand for Roughing.
5:58 of 3rd period - Nazem Kadri wins face-off versus Colin Wilson in Flames zone.
6:28 of 3rd period - Minor Penalty to Steve Eminger for High sticking.
6:29 of 3rd period - Eric Staal wins face-off versus Nazem Kadri in Flames zone.
7:57 of 3rd period - Penalty to Brad Marchand is over, Brad Marchand is back on ice.
8:09 of 3rd period - Jordin Tootoo is hit by Michael Del Zotto and loses puck.
8:28 of 3rd period - Penalty to Steve Eminger is over, Steve Eminger is back on ice.
8:32 of 3rd period - Slapshot by Steve Eminger.
8:32 of 3rd period - Stopped by Thomas McCollum without a rebound.
8:33 of 3rd period - Jamie Arniel wins face-off versus Patrik Berglund in Coyotes zone.
8:33 of 3rd period - Jamie Arniel is hit by Patrik Berglund.
8:43 of 3rd period - Snap shot by Alexander Semin.
8:43 of 3rd period - Shot Misses the Net.
8:45 of 3rd period - Snap shot by Peter Prucha.
8:45 of 3rd period - Stopped by Thomas McCollum without a rebound.
8:46 of 3rd period - Marian Gaborik wins face-off versus Eric Staal in Coyotes zone.
8:50 of 3rd period - Off-side.
8:51 of 3rd period - Nazem Kadri wins face-off versus Eric Staal in neutral zone.
8:56 of 3rd period - Snap shot by Marian Gaborik.
8:56 of 3rd period - Shot Misses the Net.
9:02 of 3rd period - Wrist shot by Eric Staal.
9:02 of 3rd period - Shot Blocked by Tyler Ennis.
9:04 of 3rd period - Wrist shot by Eric Staal.
9:04 of 3rd period - Stopped by Thomas McCollum with a rebound.
9:50 of 3rd period - Backhand shot by Jamie Arniel.
9:50 of 3rd period - Shot Misses the Net.
10:19 of 3rd period - Icing by Nazem Kadri.
10:20 of 3rd period - Eric Staal wins face-off versus Nazem Kadri in Coyotes zone.
11:18 of 3rd period - Wrist shot by Colin Wilson.
11:18 of 3rd period - Shot Blocked by Thomas Hickey.
11:23 of 3rd period - Minor Penalty to Martin Samuelsson for Slashing.
11:24 of 3rd period - Eric Staal wins face-off versus Jamie Arniel in Coyotes zone.
12:02 of 3rd period - Michael Del Zotto is hit by Eric Staal and loses puck.
13:23 of 3rd period - Penalty to Martin Samuelsson is over, Martin Samuelsson is back on ice.
13:31 of 3rd period - Martin Samuelsson is hit by David Ullstrom and loses puck.
14:16 of 3rd period - Icing by Jordin Tootoo.
14:17 of 3rd period - Steve Regier wins face-off versus Jamie Arniel in Flames zone.
14:50 of 3rd period - Off-side.
14:51 of 3rd period - David Backes wins face-off versus Nick Bonino in neutral zone.
15:15 of 3rd period - Minor Penalty to Alexander Semin for Holding.
15:16 of 3rd period - Patrik Berglund wins face-off versus Nazem Kadri in Flames zone.
15:16 of 3rd period - Patrik Berglund is hit by Marian Gaborik.
15:46 of 3rd period - Slapshot by Brad Richards.
15:46 of 3rd period - Shot Misses the Net.
15:48 of 3rd period - Backhand shot by Josh Gorges.
15:48 of 3rd period - Shot Blocked by Colin Wilson.
15:50 of 3rd period - Snap shot by Zach Parise.
15:50 of 3rd period - Stopped by Jonas Gustavsson without a rebound.
15:51 of 3rd period - Nazem Kadri wins face-off versus Patrik Berglund in Flames zone.
16:20 of 3rd period - Wrist shot by Brad Richards.
16:20 of 3rd period - Stopped by Jonas Gustavsson with a rebound.
16:22 of 3rd period - Wrist shot by Chris Stewart.
16:22 of 3rd period - Deflect By Brad Richards.
16:22 of 3rd period - Shot Misses the Net.
16:22 of 3rd period - Puck is out of play.
16:23 of 3rd period - Brad Richards wins face-off versus Colin Wilson in Flames zone.
16:44 of 3rd period - Wrist shot by Chris Stewart.
16:44 of 3rd period - Goal by Chris Stewart - Coyotes : 3 - Flames : 1.
16:45 of 3rd period - Jamie Arniel wins face-off versus Steve Regier in neutral zone.
16:48 of 3rd period - Jordin Tootoo is hit by Evgeny Artyukhin and loses puck.
17:19 of 3rd period - Off-side.
17:20 of 3rd period - Eric Staal wins face-off versus Nick Bonino in neutral zone.
17:23 of 3rd period - Slapshot by Derek Meech.
17:23 of 3rd period - Deflect By Brad Marchand.
17:23 of 3rd period - Shot Misses the Net.
17:23 of 3rd period - Puck is out of play.
17:24 of 3rd period - Colin Wilson wins face-off versus Nick Bonino in Coyotes zone.
17:25 of 3rd period - Slapshot by Jordin Tootoo.
17:25 of 3rd period - Stopped by Thomas McCollum with a rebound.
17:37 of 3rd period - Snap shot by Steve Regier.
17:37 of 3rd period - Stopped by Thomas McCollum without a rebound.
17:38 of 3rd period - Jamie Arniel wins face-off versus Eric Staal in Coyotes zone.
18:14 of 3rd period - Snap shot by Nick Bonino.
18:14 of 3rd period - Stopped by Jonas Gustavsson without a rebound.
18:15 of 3rd period - Jamie Arniel wins face-off versus Eric Staal in Flames zone.
18:47 of 3rd period - Snap shot by Ramzi Abid.
18:47 of 3rd period - Stopped by Jonas Gustavsson without a rebound.
18:48 of 3rd period - Nick Bonino wins face-off versus Colin Wilson in Flames zone.
19:02 of 3rd period - Slapshot by Erik Johnson.
19:02 of 3rd period - Deflect By Steve Regier.
19:02 of 3rd period - Shot Blocked by Ramzi Abid.
19:02 of 3rd period - Puck is out of play.
19:03 of 3rd period - Jamie Arniel wins face-off versus Eric Staal in Coyotes zone.
19:12 of 3rd period - Slapshot by Erik Johnson.
19:12 of 3rd period - Stopped by Thomas McCollum with a rebound.
19:14 of 3rd period - Slapshot by Sami Vatanen.
19:14 of 3rd period - Stopped by Thomas McCollum with a rebound.
19:16 of 3rd period - Backhand shot by Sami Vatanen.
19:16 of 3rd period - Stopped by Thomas McCollum with a rebound.
19:18 of 3rd period - Slapshot by Brad Marchand.
19:18 of 3rd period - Stopped by Thomas McCollum with a rebound.
19:20 of 3rd period - Snap shot by Eric Staal.
19:20 of 3rd period - Stopped by Thomas McCollum without a rebound.
19:21 of 3rd period - Colin Wilson wins face-off versus Nick Bonino in Coyotes zone.
19:48 of 3rd period - Evgeny Artyukhin is hit by Alexander Semin and loses puck.
Goals for this period are 1 for Coyotes vs 0 for Flames.
Shots for this period are 5 for Coyotes vs 14 for Flames.
Back to the Top